 Dungeon Crawl Stone Soup version 0.31-a0-569-g7ea453304b (webtiles) character file.

Game seed: 4546990224762661263

82 Ethylacetat the Ducker (level 4, -1/31 HPs)
             Began as an Octopode Gladiator on Aug 18, 2023.
             Slain by a sky beast (5 damage)
             ... on level 3 of the Dungeon.
             The game lasted 00:01:26 (1076 turns).

Ethylacetat the Ducker (Octopode Gladiator)         Turns: 1076, Time: 00:01:27

Health: -1/31      AC:  1    Str: 13    XL:     4   Next: 43%
Magic:  4/4        EV: 14    Int: 10    God:
Gold:   133        SH:  0    Dex: 15    Spells: 3/3 levels left

rFire   . .          .
                       - Unarmed
rCold   . . .        (no shield)
rNeg    . . .        a - +0 hat
rPois   .            (no amulet)
rElec   .            (no ring)
rCorr   .            (no ring)
SInv    .            (no ring)
Will    .....        (no ring)
Stlth   ++           (no ring)
HPRegen 0.25/turn    (no ring)
MPRegen 0.09/turn    (no ring)
                     (no ring)

%: no passive effects
@: studying Maces & Flails
A: almost no armour, amphibious, 8 rings, camouflage 1, gelatinous body 1,
(nimble swimmer 1), tentacles
a: no special abilities


You were on level 3 of the Dungeon.
You visited 1 branch of the dungeon, and saw 3 of its levels.

You collected 133 gold pieces.

Inventory:

Missiles
 b - 3 throwing nets (quivered)
 c - a javelin
Armour
 a - a +0 hat (worn)
Scrolls
 e - a scroll of fear {unknown}
 f - 3 scrolls of identify {unknown}
 i - a scroll of amnesia {unknown}
 l - a scroll of poison {unknown}
Potions
 d - a potion of brilliance {unknown}
 g - a potion of mutation {unknown}
 h - a potion of enlightenment {unknown}
 j - a potion of resistance {unknown}
 k - a potion of lignification {unknown}
 m - a potion of heal wounds


   Skills:
 + Level 3.1 Fighting
 + Level 0.0 Maces & Flails
 - Level 2.0 Throwing
 + Level 3.8 Dodging
 - Level 3.7 Unarmed Combat


You had 3 spell levels left.
You didn't know any spells.
Your spell library was empty.

Dungeon Overview and Level Annotations

Branches:
Dungeon (3/15)

Altars:
Trog


Innate Abilities, Weirdness & Mutations

You cannot wear most types of armour.
You are amphibious.
You can wear up to eight rings at the same time.
Your skin changes colour to match your surroundings (Stealth+).
Your rubbery body absorbs attacks. (AC +1, EV +1)
((You are camouflaged when in or above water. (Stealth+)))
You have tentacles for arms and can constrict up to eight enemies at once.


Message History

You constrict the adder.
You kill the adder!
You now have 133 gold pieces (gained 18).
You see here an adder corpse.
Found a bloodstained altar of Trog.
No target in view!
Found a trident.
No target in view!
Key pressed, stopping explore.
No target in view!
No target in view!
A hobgoblin comes into view.
The helpless hobgoblin fails to defend itself.
You tentacle-slap the hobgoblin.
You kill the hobgoblin!
No target in view!
Key pressed, stopping explore.
No target in view!
No target in view!
A sky beast comes into view.
The sky beast flickers out of sight!
Deactivating autopickup; reactivate with Ctrl-A.
Something hits you. Something shocks you.
No target in view!
Something hits you. Something shocks you.
You are too injured to fight recklessly!
You tentacle-slap something. Your squeeze misses something.
Something completely misses you.
You barely miss something. Your squeeze misses something. Something hits you.
Something shocks you.
* * * LOW HITPOINT WARNING * * *
Okay, then.
It was a potion of heal wounds.
You feel much better. Something hits you. Something shocks you.
* * * LOW HITPOINT WARNING * * *
You miss something. Something barely misses you.
You miss something. Something hits you.
* * * LOW HITPOINT WARNING * * *
Something shocks you.
You die...

#### ##+####...#
### #.. #.....#
.....##.###.....#
......{@........#
###########.†...#
#.....#
#######.....#
#......####....
#.#....# #....
.##.#....# #...
.........######...
.##.##............


There were no monsters in sight!

Vanquished Creatures
  Robin (D:2)
  3 adders
  6 endoplasms
  7 goblins
  9 hobgoblins
  4 jackals (D:1)
  3 kobolds (D:1)
  A quokka (D:2)
  2 ball pythons
  2 frilled lizards
  3 rats
41 creatures vanquished.

Notes
Turn   | Place    | Note
-------+----------+-------------------------------------------
     0 | D:1      | Ethylacetat the Octopode Gladiator began the quest for the
                  | Orb.
     0 | D:1      | Reached XP level 1. HP: 14/14 MP: 1/1
    31 | D:1      | Reached XP level 2. HP: 17/19 MP: 2/2
   494 | D:2      | Reached XP level 3. HP: 21/25 MP: 3/3
   497 | D:2      | Noticed Robin
   518 | D:2      | Killed Robin
   645 | D:2      | Reached XP level 4. HP: 25/30 MP: 4/4
  1044 | D:3      | Found a bloodstained altar of Trog.
  1067 | D:3      | Noticed a sky beast
  1076 | D:3      | Slain by a sky beast

Illustrated notes

Levels and vault maps discovered:
D:1:      shiori_arrival_maze, layout_rooms
D:2:      layout_rooms, uniq_robin
D:3:      layout_basic, mainiacjoe_overflow_small_starburst, minmay_fountain_box

Skill      XL: |  1  2  3  4 |
---------------+-------------+-----
Fighting       | 3 |  3.1
Throwing       | |  2.0
Dodging        | |  3.8
Unarmed Combat | |  3.7

Action                     |  1- 3 |  4- 6 || total
---------------------------+-------+-------++-------
  Melee: Unarmed           |    68 |    18 ||    86
         Constrict         |    20 |     4 ||    24
         Tentacles         |    14 |     4 ||    18
         Punch             |     2 |       ||     2
    Use: Potion            |       |     1 ||     1
   Stab: Sleeping          |     2 |     4 ||     6
 Armour: Skin              |     6 |       ||     6
  Dodge: Dodged            |    38 |     6 ||    44

Table legend: (Time is in decaauts)
 A = Elapsed time spent in this place.
 B = Non-inter-level travel time spent in this place.
 C = Inter-level travel time spent in this place.
 D = Time resting spent in this place.
 E = Time spent auto-exploring this place.
 F = Levels seen in this place.
 G = Mean time per level.
                   A        B        C        D        E       F      G
               +--------+--------+--------+--------+--------+-----+--------+
         Total |   1069 |   1013 |     56 |      0 |    790 |   3 |  356.3 |
       Dungeon |   1069 |   1013 |     56 |      0 |    790 |   3 |  356.3 |
               +--------+--------+--------+--------+--------+-----+--------+

Top non-repeatable levels by time:
     D:2: 515 daAuts
     D:1: 463 daAuts
     D:3: 90 daAuts
